 Dungeon Crawl Stone Soup version 0.26-a0-739-gf55cbd344a (webtiles) character file.

Game seed: 18003010193641525273

2830 marklar909 the Ruffian (level 9, -10/67 HPs)
             Began as a White Draconian Transmuter on Nov 5, 2020.
             Was a Believer of Qazlal.
             Mangled by a centaur warrior (14 damage)
             ... on level 7 of the Dungeon on Nov 6, 2020.
             The game lasted 00:14:31 (10650 turns).

marklar909 the Ruffian (DrTm)                      Turns: 10650, Time: 00:14:32

Health: -10/67     AC:  2    Str: 16    XL:     9   Next: 45%
Magic:  0/17       EV: 22    Int: 13    God:    Qazlal [**....]
Gold:   467        SH:  2    Dex: 17    Spells: 4/19 levels left

rFire    . . .     SeeInvis .     - Unarmed
rCold    . . .     Faith    .   (shield currently unavailable)
rNeg     . . .     Spirit   +   (armour unavailable)
rPois    x         Reflect  .   (helmet currently unavailable)
rElec    .         Harm     .   (cloak currently unavailable)
rCorr    .         Rampage  .   (gloves currently unavailable)
MR       +....                  (boots currently unavailable)
Stlth    ++........             a - amulet of guardian spirit
HPRegen  0.21/turn              k - ring of protection from magic
MPRegen  0.15/turn              l - ring of wizardry

@: spider-form
A: tiny, (breathe frost), unfitting armour, AC +7
a: End Transformation, Upheaval, Renounce Religion


You were on level 7 of the Dungeon.
You worshipped Qazlal.
Qazlal was pleased with you.
You were a venomous arachnid creature.
You visited 1 branch of the dungeon, and saw 8 of its levels.

You collected 497 gold pieces.
You spent 30 gold pieces at shops.

Inventory:

Armour
 d - a +0 buckler (melded)
 y - a +0 pair of gloves (melded)
Jewellery
 a - an amulet of guardian spirit (around neck)
 k - a ring of protection from magic (left front leg)
 l - a ring of wizardry (right front leg)
 s - an uncursed ring of resist corrosion
 z - a +4 ring of evasion {unknown}
 A - an uncursed ring of wizardry
 C - an uncursed ring of flight {unknown}
Wands
 t - a wand of digging (5)
 x - a wand of flame (16)
Scrolls
 b - a scroll of acquirement {unknown}
 c - 2 scrolls of fear
 e - 8 scrolls of identify
 g - 5 scrolls of remove curse
 h - 2 scrolls of amnesia
 n - 4 scrolls of teleportation
 p - a scroll of fog
 q - a scroll of magic mapping
 B - a scroll of brand weapon {unknown}
Potions
 f - a potion of heal wounds
 i - 4 potions of curing
 j - 2 potions of flight
 m - 2 potions of berserk rage
 o - 4 potions of resistance
 r - 2 potions of might
 u - a potion of invisibility {unknown}
 v - a potion of degeneration {unknown}
 w - 2 potions of cancellation {unknown}


   Skills:
 + Level 2.2 Fighting
 + Level 3.9 Dodging
 - Level 1.3 Stealth
 + Level 2.0 Shields
 + Level 7.5 Unarmed Combat
 + Level 5.5 Spellcasting
 + Level 5.5 Transmutations
 + Level 4.4 Poison Magic
 * Level 3.8 Invocations


You had 4 spell levels left.
You knew the following spells:

 Your Spells              Type           Power        Failure   Level
a - Beastly Appendage     Tmut           ###...       3%          1
b - Wereblood             Tmut           ###.....     4%          2
c - Spider Form           Tmut/Pois      ###.......   8%          3
d - Ice Form              Ice/Tmut       ##......     38%         4
e - Blade Hands           Tmut           ###.......   34%         5

Your spell library contained the following spells:

 Spells                   Type           Power        Failure   Level


Dungeon Overview and Level Annotations

Branches:
Dungeon (8/15)             Temple (0/1) D:5
   Lair: D:8-11

Altars:
Ashenzari
Cheibriados
Gozag
Hepliaklqana
Makhleb
Nemelex Xobeh
Qazlal
Vehumet
Wu Jian
Xom
Yredelemnul

Shops:
D:5 *

Annotations:
D:6 3 runed translucent doors, LufLufFighter's ghost, novice OpTm
D:7 1 runed translucent door, LufLufFighter's ghost, novice PaFi


Innate Abilities, Weirdness & Mutations

((You can breathe waves of freezing cold.))
((You can buffet flying creatures when you breathe cold.))
((Your icy white scales are hard. (AC +7)))
You cannot fit into any form of body armour.
((Your flesh is cold resistant. (rC+)))
((You are cold-blooded and may be slowed by cold attacks.))


Message History

The centaur warrior unwields a +0 shortbow.
You block the centaur warrior's attack.
Casting: Spider Form (dangerous; 3% risk of failure)
Confirm with . or Enter, or press ? or * to list all spells.
You turn into a venomous arachnid creature.
Your +0 pair of gloves melds into your body.
Your +0 buckler melds into your body.
The centaur warrior hits you.
* * * LOW HITPOINT WARNING * * *
The centaur warrior misses you.
You are too injured to fight recklessly!
Unknown command.
You bite the centaur warrior!
The centaur warrior is poisoned.
The centaur warrior is moderately wounded.
The centaur warrior hits you!
* * * LOW HITPOINT WARNING * * *
Unknown command.
You feel better. The centaur warrior hits you!
* * * LOW HITPOINT WARNING * * *
The centaur warrior hits you!
You die...

#.########....
#.............
#.########.##. #.#
#.##. #.# #.##. #.#
#.##. #########.#
####.((.
#....(((..#####.....#.
#....s##...).......(#.
####c####.####...#.##.
#.# #.##.......##.
#.#.# #.....[...<...
..# ## ####.......###
#.#. ###...#.### # #
#........ #########


You could see a centaur warrior (very poisoned).

Vanquished Creatures
  Erica (D:8)
  A wyvern (D:7)
  A water moccasin (D:8)
  A sky beast (D:6)
  A phantom (D:3)
  A black bear (D:7)
  An ogre (D:6)
  2 centaurs
  4 bullfrogs
  5 scorpions
  3 killer bees (D:8)
  2 wights (D:8)
  A jelly (D:6)
  3 orc priests (D:6)
  6 hounds
  4 iguanas
  2 orc wizards (D:6)
  2 worker ants
  A killer bee zombie (D:7)
  7 adders
  A white imp (D:7)
  2 ufetubi
  An ooze (D:3)
  3 worms
  2 dart slugs
  26 orcs
  5 giant cockroaches
  5 goblins
  7 hobgoblins
  13 jackals
  8 kobolds
  A quokka (D:4)
  6 bats
  2 frilled lizards
  A leopard gecko skeleton (D:7)
  4 rats
136 creatures vanquished.

Vanquished Creatures (others)
  27 fungi (D:8)
  34 plants (D:8)
61 creatures vanquished.

Grand Total: 197 creatures vanquished

Notes
Turn   | Place    | Note
-------+----------+-------------------------------------------
     0 | D:1      | marklar909 the Draconian Transmuter began the quest for the
                  | Orb.
     0 | D:1      | Reached XP level 1. HP: 16/16 MP: 3/3
   653 | D:1      | Reached XP level 2. HP: 19/23 MP: 3/5
  1294 | D:1      | Learned a level 2 spell: Wereblood
  1643 | D:2      | Reached XP level 3. HP: 28/28 MP: 4/6
  1711 | D:2      | Found a radiant altar of Vehumet.
  2651 | D:3      | Reached XP level 4. HP: 32/35 MP: 5/7
  3073 | D:3      | Learned a level 3 spell: Spider Form
  3111 | D:3      | Found a stormy altar of Qazlal.
  3114 | D:3      | Found a broken altar of Ashenzari.
  3114 | D:3      | Found a burning altar of Makhleb.
  3116 | D:3      | Found a hazy altar of Hepliaklqana.
  3116 | D:3      | Found a shimmering altar of Xom.
  3124 | D:3      | Became a worshipper of Qazlal Stormbringer
  3463 | D:4      | Reached skill level 4 in Unarmed Combat
  3766 | D:4      | Reached skill level 1 in Poison Magic
  3766 | D:4      | Reached XP level 5. HP: 24/40 MP: 7/9
  4103 | D:4      | Noticed a phantom
  5312 | D:4      | Found a basalt altar of Yredelemnul.
  5684 | D:4      | Learned a level 4 spell: Ice Form
  5730 | D:5      | Entered Level 5 of the Dungeon
  5736 | D:5      | Found a broken altar of Ashenzari.
  5806 | D:5      | Reached XP level 6. HP: 47/47 MP: 6/11
  5870 | D:5      | Found Acidyuph's Assorted Antiques.
  5884 | D:5      | Bought a scroll labeled EXYTHR BIAL for 30 gold pieces
  6091 | D:5      | Found a staircase to the Ecumenical Temple.
  6122 | D:5      | Found a snail-covered altar of Cheibriados.
  6200 | D:5      | Reached * piety under Qazlal
  6200 | D:5      | Reached skill level 1 in Stealth
  6843 | D:6      | Your scales start taking on an icy white colour.
  6843 | D:6      | Reached XP level 7. HP: 20/52 MP: 3/12
  6843 | D:6      | Gained mutation: Your flesh is cold resistant. (rC+) [White
                  | Draconian growth]
  7049 | D:6      | Found a runed translucent gate.
  7074 | D:6      | Found a runed translucent gate.
  7074 | D:6      | Found an opulent altar of Gozag.
  7075 | D:6      | Found a runed translucent gate.
  7078 | D:6      | Noticed LufLufFighter's ghost (novice OpTm)
  7200 | D:6      | Reached skill level 5 in Unarmed Combat
  7942 | D:6      | Found a broken altar of Ashenzari.
  7988 | D:6      | Found a broken altar of Ashenzari.
  8075 | D:6      | Reached XP level 8. HP: 55/59 MP: 7/14
  8388 | D:7      | Reached skill level 6 in Unarmed Combat
  8593 | D:7      | Found a sparkling altar of Nemelex Xobeh.
  8676 | D:7      | Reached ** piety under Qazlal
  8881 | D:7      | Found a runed translucent door.
  8884 | D:7      | Noticed LufLufFighter's ghost (novice PaFi)
  9334 | D:7      | Noticed a gargoyle
  9345 | D:7      | Learned a level 5 spell: Blade Hands
  9389 | D:8      | Reached skill level 1 in Shields
  9389 | D:8      | Reached skill level 1 in Invocations
  9408 | D:8      | Reached skill level 5 in Spellcasting
  9420 | D:8      | Noticed Erica
  9430 | D:8      | Reached skill level 5 in Transmutations
  9823 | D:8      | Killed Erica
  9823 | D:8      | Reached skill level 7 in Unarmed Combat
  9823 | D:8      | Reached XP level 9. HP: 56/67 MP: 8/17
 10554 | D:8      | Found an ornate altar of the Wu Jian Council.
 10644 | D:7      | Noticed a centaur warrior
 10650 | D:7      | Mangled by a centaur warrior

Illustrated notes

Levels and vault maps discovered:
D:1:      lemuel_arrival_river_passageway, layout_basic
D:2:      layout_loops_ring, nicolae_overflow_hidden_temple
D:3:      layout_basic, grunt_temple_overflow_open, minmay_misc_feat_enclosed
D:4:      layout_cave_pods, lemuel_coloured_pillars_altar
D:5:      layout_basic, slow_altar_2, temple_hall, basic_altar, serial_shops,
          nicolae_shop_overgrown_old_shop
D:6:      layout_loops_corners, ebering_ghost_gozag, basic_altar,
          ashenzari_altar_1
D:7:      minmay_cornered_nines, layout_loops_ring, old_standard_altar,
          hellmonk_ghost_happy_afterlife
D:8:      layout_loops_corners, fedhas_altar_4, due_lair_maze_entry_diamond,
          basic_altar, lemuel_old_faithful, uniq_erica, uniq_maurice

Skill      XL: |  1  2  3  4  5  6  7  8  9 |
---------------+----------------------------+-----
Dodging        | 2 3 |  3.9
Unarmed Combat | 4 5 7 |  7.5
Spellcasting   | 3 4 5 |  5.5
Transmutations | 3 4 5 |  5.5
Poison Magic   | 1 2 3 4 |  4.4
Stealth        | 1 |  1.3
Shields        | 1 2 |  2.0
Invocations    | 3 |  3.8
Fighting       | 2 |  2.2

Action                   |  1- 3 |  4- 6 |  7- 9 || total
-------------------------+-------+-------+-------++-------
Melee: Unarmed           |   108 |   164 |   194 ||   466
       Kick              |     8 |    25 |     9 ||    42
       Tailslap          |     9 |    14 |     9 ||    32
       Headbutt          |     8 |    13 |     7 ||    28
 Cast: Beastly Appendage |    29 |    20 |     5 ||    54
       Wereblood         |       |    12 |    15 ||    27
       Spider Form       |       |    10 |    28 ||    38
 Abil: Breathe Frost     |       |       |     4 ||     4
  Use: Scroll            |       |    11 |     4 ||    15
       Potion            |       |       |     3 ||     3
 Stab: Sleeping          |     1 |       |       ||     1
Armor: Skin              |    26 |    27 |    29 ||    82
Dodge: Dodged            |    53 |    95 |   174 ||   322
Block: Buckler           |    11 |    15 |    27 ||    53
       Other             |       |       |     6 ||     6

Table legend: (Time is in decaauts)
 A = Elapsed time spent in this place.
 B = Non-inter-level travel time spent in this place.
 C = Inter-level travel time spent in this place.
 D = Time resting spent in this place.
 E = Time spent auto-exploring this place.
 F = Levels seen in this place.
 G = Mean time per level.
                   A        B        C        D        E       F      G
               +--------+--------+--------+--------+--------+-----+--------+
         Total |  10629 |   9731 |    898 |   1612 |   6811 |   8 | 1328.6 |
       Dungeon |  10629 |   9731 |    898 |   1612 |   6811 |   8 | 1328.6 |
               +--------+--------+--------+--------+--------+-----+--------+

Top non-repeatable levels by time:
     D:4: 2249 daAuts
     D:6: 1764 daAuts
     D:1: 1642 daAuts
     D:7: 1425 daAuts
     D:5: 1396 daAuts
     D:3: 1219 daAuts
     D:2: 835 daAuts
     D:8: 96 daAuts
